AoeStats
← BHA-1

Oasis

507441790Analyzed
2v2 RM · 13d ago on Sep 18, 2026· 28m 12s· 4 players
Game mode
Random Map
Map size
Medium (4 player)
Population
200
Speed
Normal
Resources
Standard
Victory
Conquest
Starting age
Dark Age
Ending age
Imperial Age
RankedLock teamsTeams togetherTeam positionsShared explorationLock speedFull tech treeHidden civsTurbo modeCheats
Victory
Defeat
🇦🇺 Teutons · Australia
959
+17
🇪🇸 Persians · Spain
953
+17
🇨🇿 Cumans · Czechia
1019
-18
🇨🇳 Italians · China
944
-16
BHA-1
8:24 Loom
12:32 Feudal Age
16:45 Horse Collar
16:51 Double-Bit Axe
19:08 Castle Age
26:47 Bloodlines
26:36 Gold Mining
26:58 Heavy Plow
28:23 Forging
28:18 Scale Barding Armor
MON
0:26 Loom
10:37 Feudal Age
16:38 Castle Age
15:14 Horse Collar
15:22 Double-Bit Axe
19:57 Stone Mining
21:45 Bow Saw
24:06 Husbandry
24:20 Bloodlines
26:47 Heavy Plow
Stuffed_dumpling
Kiki
0:29 Loom
13:17 Feudal Age
14:17 Double-Bit Axe
20:54 Castle Age
18:55 Gold Mining
19:56 Stone Mining
22:57 Bow Saw
22:52 Horse Collar
23:06 Town Watch
23:59 Wheelbarrow
23:00 Crossbowman
Connection lost

Rejoining the realm…

Still unreachable

The connection could not be restored.

Session expired

The server has moved on; the page needs a fresh start.